 Dungeon Crawl Stone Soup version 0.30.0-20-g3615ddf2f0 (webtiles) character file.

Game seed: 18222288286318340261

78 qw the Chopper (level 4, -2/28 HPs)
             Began as a Gargoyle Fighter on May 27, 2023.
             Slain by a hobgoblin (6 damage)
             ... led by Robin
             ... on level 2 of the Dungeon.
             The game lasted 00:00:37 (1023 turns).

qw the Chopper (Gargoyle Fighter)                   Turns: 1023, Time: 00:00:38

Health: -2/28      AC: 10    Str: 21    XL:     4   Next: 36%
Magic:  4/4        EV:  9    Int:  9    God:
Gold:   111        SH:  4    Dex:  9    Spells: 3/3 levels left

rFire   . . .        Y - +0 war axe
rCold   . . .        c - +0 buckler
rNeg    + . .        b - +0 scale mail
rPois   inf          (no helmet)
rElec   +            (no cloak)
rCorr   .            (no gloves)
SInv    .            (no boots)
Will    .....        (no amulet) Stlth
                     (no ring)
HPRegen 0.24/turn    (no ring)
MPRegen 0.09/turn

%: no passive effects
@: no status effects
A: sickness immunity, AC +3, negative energy resistance 1, electricity
resistance, torment resistance 1, petrification resistance
a: no special abilities


You were on level 2 of the Dungeon.
You visited 1 branch of the dungeon, and saw 2 of its levels.

You collected 111 gold pieces.


Innate Abilities, Weirdness & Mutations

You are immune to sickness and miasma.
Your stone body is resilient. (AC +3)
You are immune to poison.
You resist negative energy. (rN+)
You are resistant to electric shocks. (rElec)
You are resistant to unholy torment.
You are immune to petrification.


   Skills:
 - Level 3.2 Fighting
 + Level 4.1 Axes
 - Level 3.2 Armour
 - Level 3.2 Shields


You had 3 spell levels left.
You didn't know any spells.
Your spell library was empty.

Inventory:

Hand Weapons
 a - a +0 whip
 Y - a +0 war axe (weapon)
Armour
 b - a +0 scale mail (worn)
 c - a +0 buckler (worn)
Scrolls
 g - 5 scrolls of identify
 n - a scroll of enchant armour
Potions
 d - a potion of might
 e - a potion of cancellation
 l - a potion of magic {unknown}
 m - a potion of haste
 o - a potion of attraction {unknown}

Dungeon Overview and Level Annotations

Branches:
Dungeon (2/15)

Altars:

Annotations:
D:2 Robin


Message History

The goblin hits you but does no damage. The goblin closely misses you.
The goblin barely misses you.
Your Axes skill increases to level 4!
You closely miss the goblin. You barely miss the goblin.
The goblin hits you but does no damage. x2
You hit the goblin.
You kill the goblin!
You barely miss the goblin. The goblin barely misses you.
You closely miss the goblin. You slash the goblin!
You kill the goblin!
The goblin hits you but does no damage. You block the goblin's attack.
The hobgoblin hits you but does no damage.
You closely miss the goblin. You slash the hobgoblin!
You kill the hobgoblin!
The goblin hits you but does no damage.
You closely miss the goblin. You slash the goblin!
You kill the goblin!
You block the goblin's attack.
You barely miss the goblin. x2
The goblin closely misses you. The goblin barely misses you.
The goblin closely misses you. The goblin hits you with a +0 club.
You hit the goblin.
You kill the goblin!
You barely miss the goblin.
The goblin no longer looks unusually strong.
The goblin hits you but does no damage.
You closely miss the hobgoblin. You slash the goblin!
You kill the goblin!
The goblin no longer looks unusually strong.
The hobgoblin hits you.
You hit the hobgoblin.
The hobgoblin is heavily wounded.
You hit the goblin but do no damage.
Robin roars a battlecry!
The goblins go into a battle-frenzy!
The goblin hits you but does no damage. The hobgoblin hits you.
Robin throws the goblin at you! The goblin barely misses you.
The hobgoblin hits you.
You die...

#.##....#.
#........>
##########
#... #####.##
. #....)## ...
#.#.....
....g########
#.#.....
.....?g@g...#
#.#.....
###...g####.#
#.#..... #####
#.#####.#.....
#.#.....#.....
#.......'.....
###.#####.....
########.#
######
.........#
##########


You could see Robin, a hobgoblin (strong) and 2 goblins.

Vanquished Creatures
  Jessica (D:2)
  A dart slug (D:1)
  2 bats (D:1)
  3 endoplasms (D:2)
  A giant cockroach (D:1)
  12 goblins
  3 hobgoblins
  3 jackals (D:1)
  3 kobolds (D:1)
  4 quokkas
  3 ball pythons (D:1)
  2 frilled lizards (D:1)
  6 rats (D:1)
44 creatures vanquished.

Notes
Turn   | Place    | Note
-------+----------+-------------------------------------------
     0 | D:1      | qw the Gargoyle Fighter began the quest for the Orb.
     0 | D:1      | Reached XP level 1. HP: 14/14 MP: 1/1
     0 | D:1      | 0 ||| qw: Version: 0.2-a-99-gce666ed
     0 | D:1      | 0 ||| qw: Game counter: 172
     0 | D:1      | 0 ||| qw: Always use a shield: true
     0 | D:1      | 0 ||| qw: God list: Okawaru
     0 | D:1      | 0 ||| qw: Allow faded altars: false
     0 | D:1      | 0 ||| qw: Do Orc after D:15 true
     0 | D:1      | 0 ||| qw: Do second Lair branch before Depths: true
     0 | D:1      | 0 ||| qw: Lair rune preference: random
     0 | D:1      | 0 ||| qw: Plans: Normal, Zot:1-4, God:TSO, Crypt, Tomb,
                  | Pan, Slime:5, Hells, Abyss, Win
     0 | D:1      | 0 ||| PLANNING D:1-11
    31 | D:1      | Reached skill level 2 in Axes
   190 | D:1      | Reached XP level 2. HP: 9/19 MP: 2/2
   232 | D:1      | Found a faded altar of an unknown god.
   233 | D:1      | 233 ||| Stepping ~*~*~tactically~*~*~ (stealth).
   382 | D:1      | Reached skill level 3 in Axes
   503 | D:1      | Reached XP level 3. HP: 23/23 MP: 3/3
   702 | D:1      | 702 ||| DROPPING +3 leather armour.
   703 | D:1      | 703 ||| READING scroll labelled FOUDER MOCURIU.
   704 | D:1      | 704 ||| READING 2 scrolls labelled DEPHAVO ROBENIARY.
   705 | D:1      | 705 ||| READING scroll labelled WOOGUI ILEXOA.
   706 | D:1      | 706 ||| READING scroll labelled LYHUBEYPUTH.
   707 | D:1      | 707 ||| READING scroll labelled OZXUCWUNAT.
   708 | D:1      | 708 ||| READING 2 scrolls labelled LICZAS UBIANU.
   709 | D:1      | 709 ||| DRINKING 2 fizzy blue potions.
   710 | D:1      | 710 ||| DRINKING 2 inky potions.
   761 | D:2      | 761 ||| DROPPING +0 club.
   864 | D:2      | Noticed Jessica
   870 | D:2      | Killed Jessica
   871 | D:2      | Reached XP level 4. HP: 16/28 MP: 4/4
   956 | D:2      | 956 ||| Stepping ~*~*~tactically~*~*~ (stealth).
  1005 | D:2      | 1005 ||| Stepping ~*~*~tactically~*~*~ (stealth).
  1007 | D:2      | 1007 ||| Stepping ~*~*~tactically~*~*~ (hiding).
  1009 | D:2      | Noticed Robin
  1015 | D:2      | Reached skill level 4 in Axes
  1023 | D:2      | HP: 4/28 [hobgoblin[Robin] (6)]
  1023 | D:2      | Slain by a hobgoblin

Levels and vault maps discovered:
D:1:      tarquinn_simple_flora_water_d, layout_loops_ring,
          shapermc_ecumenical_altar_starsandcircs
D:2:      layout_basic, minivault_27, uniq_robin, uniq_jessica

Skill      XL: |  1  2  3  4 |
---------------+-------------+-----
Axes           | 2 3 4 |  4.1
Fighting       | |  3.2
Armour         | |  3.2
Shields        | |  3.2

Action                     |  1- 3 |  4- 6 || total
---------------------------+-------+-------++-------
  Melee: War axe           |    77 |    28 ||   105
    Use: Scroll            |     6 |       ||     6
         Potion            |     2 |       ||     2
 Armour: Scale mail        |    37 |    18 ||    55
  Dodge: Dodged            |    32 |    16 ||    48
  Block: Buckler           |    15 |     7 ||    22

Table legend:
 A = Non-vault XP
 B = Vault XP
 C = Vault XP percentage of total XP
 D = Non-vault monster count
 E = Vault monster count
 F = Vault count percentage of total count
                 A         B        C        D         E       F
            +---------+---------+-------+---------+---------+-------
      Total |      59 |      53 |  47.3 |      34 |      10 |  22.7
            +---------+---------+-------+---------+---------+-------
        D:1 |      45 |       0 |   0.0 |      27 |       0 |   0.0
        D:2 |      14 |      53 |  79.1 |       7 |      10 |  58.8
            +---------+---------+-------+---------+---------+-------
